Map: Flooded City

Players

MonstroTown - Winner!

  • Race: Terran Terran
  • Spawn Location: 6:00

Michael - Winner!

  • Race: Zerg Zerg
  • League: Gold
  • Spawn Location: 6:00

Bryan

  • Race: Protoss Protoss
  • Spawn Location: 12:00

WhoDat

  • Race: Protoss Protoss
  • Spawn Location: 12:00

VOD

Have the link to the VOD?

Description

Time

  • Played on: Oct. 6, 2018, 3:41 p.m.
  • Length: 16:12
Show
View Real Time Build Order
Export as new Build Order

MonstroTown Terran - Winner!

Build Orders:  

Get SALT Encoding   

  12  0:01  SCV  
  13  0:13  SCV  
  14  0:18  Supply Depot  
  14  0:25  SCV  
  15  0:40  SCV  
  15  0:41  Barracks  
  16  0:52  SCV  
  17  1:00  Barracks  
  17  1:04  SCV  
  18  1:20  Barracks  
  18  1:22  SCV  
  19  1:35  Orbital Command  
  19  1:38  Marine  
  20  1:45  Refinery  
  20  1:48  Marine, Refinery  
  21  1:57  Marine  
  22  2:01  SCV  
  23  2:14  Supply Depot  
  23  2:22  Supply Depot  
  23  2:27  Marine  
  23  2:35  Marine x2  
  23  2:36  SCV  
  26  2:41  Factory  
  26  2:47  Marine  
  27  2:59  SCV  
  28  3:11  SCV  
  28  3:12  Command Center  
  29  3:15  Marine  
  29  3:16  Marine  
  29  3:18  Barracks Tech Lab  
  31  3:24  SCV  
  32  3:30  Starport  
  32  3:31  Factory Tech Lab  
  32  3:35  Marine  
  32  3:39  SCV  
  34  3:53  SCV  
  34  3:54  Siege Tank  
  38  4:08  Supply Depot  
  38  4:24  Marauder  
  40  4:29  SCV  
  41  4:31  Refinery  
  41  4:32  Orbital Command  
  41  4:35  Medivac  
  43  4:41  SCV  
  44  4:46  Marine  
  44  4:47  Barracks Reactor  
  44  4:50  Siege Tank  
  48  5:00  SCV x2  
  50  5:18  Engineering Bay x2  
  50  5:22  SCV  
  50  5:23  SCV  
  50  5:25  Marine x2  
  54  5:30  Marine  
  54  5:31  Marine  
  54  5:33  Siege Tank  
  54  5:34  Medivac  
  61  5:47  Marine  
  61  5:49  Missile Turret  
  62  5:52  Supply Depot  
  62  5:54  Supply Depot  
  62  6:02  Terran Infantry Weapons Level 1  
  62  6:03  Terran Infantry Armor Level 1  
  62  6:13  Marine  
  62  6:14  SCV x2, Marine  
  66  6:26  SCV x2  
  68  6:36  Starport Reactor  
  68  6:38  SCV  
  69  6:45  Barracks  
  69  6:46  Barracks x2  
  68  6:55  Barracks  
  68  6:57  Marine x3  
  70  7:03  SCV x2  
  70  7:05  Starport  
  64  7:09  Supply Depot  
  64  7:12  Missile Turret  
  64  7:15  SCV x2  
  66  7:27  SCV x2  
  66  7:28  Marine x3  
  71  7:39  Barracks Reactor x2  
  71  7:40  Barracks Reactor  
  71  7:42  SCV x2  
  71  7:43  Armory  
  73  7:49  Marine x3  
  73  7:50  Marine  
  77  7:54  SCV  
  77  7:57  SCV  
  79  8:00  Refinery  
  79  8:06  SCV  
  79  8:08  Medivac x2  
  79  8:09  SCV  
  85  8:15  Siege Tank  
  85  8:18  Supply Depot x3  
  88  8:29  Marine  
  88  8:30  Marine x2  
  91  8:36  Marine x3  
  91  8:39  Marine x5  
  99  8:44  Missile Turret  
  99  8:50  Supply Depot x2  
  99  8:51  Supply Depot, Marine  
  99  8:52  Marine x2  
  99  8:54  Supply Depot, Marine  
  99  8:55  Marine  
  104  8:56  Medivac x2  
  104  9:00  Marine x2  
  110  9:06  Supply Depot  
  110  9:07  Supply Depot  
  110  9:08  Supply Depot  
  110  9:16  Terran Infantry Weapons Level 2  
  110  9:17  Terran Infantry Armor Level 2  
  110  9:31  Command Center  
  110  9:38  Viking x2  
  110  9:42  Viking  
  116  10:08  Viking x2  
  116  10:10  Marine x4  
  116  10:11  Marine x2  
  116  10:12  Viking  
  116  10:13  Marine x2  
  130  10:31  Marine x4  
  134  10:40  Viking  
  134  10:41  Viking  
  134  10:42  Viking  
  140  10:45  Terran Ship Weapons Level 1  
  140  10:47  Marine x4  
  140  10:49  SCV  
  145  10:52  Orbital Command  
  145  11:03  Marine x4  
  145  11:04  Marine  
  149  11:08  Marine  
  149  11:10  Thor  
  156  11:14  SCV x2  
  158  11:22  Refinery  
  158  11:23  Refinery  
  157  11:28  Viking x2  
  161  11:44  Viking  
  159  11:54  Marine x3  
  159  11:55  Marine x5  
  159  11:57  Thor  
  159  11:58  Viking x2  
  177  12:04  SCV x2  
  177  12:06  Supply Depot  
  177  12:07  Marine x2  
  181  12:14  Viking  
  183  12:28  Viking x2, Marine x2  
  183  12:29  Marine x5  
  195  12:37  SCV x2, Supply Depot  
  196  12:58  Viking x2  
  200  13:06  Terran Infantry Armor Level 3, Terran Infantry Weapons Level 3  
  200  13:39  Terran Ship Weapons Level 2  
  200  13:47  Command Center  
  200  13:57  Viking  
  165  14:13  Marine x6  
  165  14:14  Marine x5  
  157  14:27  Viking  
  157  14:30  Marine  
  160  14:38  Marine x5  
  161  14:39  Marine x5  
  161  14:41  Thor  
  161  14:43  Viking x2  
  170  14:48  Marine  
  162  14:56  Marine x4  
  162  14:57  Viking  
  168  15:02  Marine x4  
  172  15:13  Viking x2  
  176  15:20  Marine x6  
  177  15:24  Marine x4  
  177  15:27  Viking  
  142  15:50  Marine x5  
Show
View Real Time Build Order
Export as new Build Order

Michael Zerg - Winner!

Build Orders: Pool First 

Get SALT Encoding   

  12  0:01  Drone  
  13  0:12  Overlord  
  13  0:18  Drone  
  14  0:31  Drone x2  
  14  0:34  Drone  
  17  0:39  Extractor  
  16  0:45  Drone  
  17  0:53  Spawning Pool  
  16  1:03  Drone  
  17  1:18  Drone  
  18  1:29  Hatchery  
  18  1:32  Drone  
  18  1:46  Queen  
  18  1:49  Zergling x2  
  21  1:56  Metabolic Boost  
  21  2:06  Drone  
  22  2:38  Overlord  
  22  2:55  Queen x2  
  22  2:58  Drone x5  
  31  3:06  Roach Warren  
  31  3:07  Drone  
  31  3:12  Zergling x2  
  32  3:16  Zergling x2  
  33  3:26  Spine Crawler  
  32  3:29  Drone x2  
  32  3:32  Drone  
  35  3:40  Lair  
  35  3:50  Drone  
  35  3:53  Overlord  
  36  4:07  Hatchery  
  35  4:12  Drone  
  35  4:13  Drone x2  
  35  4:16  Drone  
  39  4:20  Overlord  
  39  4:26  Overlord  
  39  4:29  Drone  
  40  4:32  Drone  
  40  4:34  Drone  
  40  4:36  Drone  
  40  4:38  Drone  
  44  4:40  Drone  
  45  4:52  Roach x3  
  51  4:54  Roach  
  51  4:59  Roach x2  
  56  5:05  Spine Crawler  
  55  5:10  Spine Crawler  
  55  5:13  Overlord  
  54  5:27  Drone, Hydralisk Den  
  54  5:28  Drone x4  
  58  5:33  Extractor, Spore Crawler  
  56  5:35  Extractor  
  56  5:37  Overlord  
  55  5:51  Queen x2  
  59  5:58  Queen  
  61  6:10  Roach  
  61  6:11  Roach  
  65  6:12  Overlord  
  65  6:13  Overlord  
  65  6:21  Muscular Augments  
  65  6:25  Extractor  
  65  6:28  Drone x2  
  65  6:30  Drone x2, Evolution Chamber  
  65  6:31  Drone  
  68  6:35  Overlord  
  68  6:48  Hydralisk  
  68  6:49  Hydralisk x3  
  76  7:00  Spore Crawler  
  75  7:01  Spore Crawler  
  75  7:03  Spore Crawler  
  75  7:08  Drone x3  
  75  7:11  Drone x3  
  75  7:12  Drone x2  
  75  7:14  Drone  
  82  7:17  Drone x2  
  82  7:18  Drone  
  82  7:20  Drone  
  82  7:21  Drone  
  87  7:23  Drone  
  87  7:27  Drone x2  
  90  7:30  Overlord  
  90  7:33  Overlord  
  90  7:38  Zerg Ground Armor Level 1  
  90  7:40  Glial Reconstitution  
  90  7:54  Overlord x3  
  90  8:04  Queen  
  90  8:05  Drone x2  
  93  8:09  Spine Crawler  
  93  8:10  Drone x2, Spine Crawler  
  93  8:11  Drone, Spine Crawler  
  93  8:12  Drone  
  95  8:14  Hydralisk  
  97  8:21  Burrow  
  97  8:22  Pneumatized Carapace  
  93  8:51  Infestation Pit  
  93  8:52  Grooved Spines, Hydralisk x3  
  93  8:53  Hydralisk x6  
  110  9:02  Drone x2  
  112  9:03  Drone x4  
  112  9:07  Spore Crawler  
  112  9:08  Spine Crawler  
  112  9:09  Extractor, Spine Crawler  
  112  9:10  Extractor  
  112  9:12  Queen  
  113  9:41  Hydralisk  
  113  9:42  Hydralisk x4  
  113  9:43  Hydralisk x2, Spire  
  122  9:59  Overlord x3  
  122  10:13  Hydralisk x4  
  128  10:17  Overlord x2  
  128  10:19  Roach x2  
  134  10:28  Hatchery  
  134  10:31  Roach x3  
  139  10:35  Hatchery  
  138  10:45  Roach x9  
  138  10:46  Roach  
  138  10:49  Zerg Missile Weapons Level 1  
  158  10:58  Hive  
  158  10:59  Drone  
  158  11:00  Drone  
  158  11:01  Drone  
  158  11:02  Drone x2  
  163  11:14  Queen  
  165  11:22  Hydralisk  
  165  11:23  Hydralisk  
  169  11:43  Overlord x5  
  169  11:48  Queen  
  169  12:00  Spine Crawler  
  165  12:03  Hydralisk x10  
  165  12:04  Hydralisk  
  179  12:16  Hydralisk x3  
  179  12:19  Roach  
  179  12:20  Roach  
  189  12:28  Greater Spire  
  189  12:29  Corruptor  
  181  13:02  Roach x7  
  181  13:03  Roach x5  
  199  13:11  Zerg Missile Weapons Level 2  
  197  13:29  Hatchery  
  194  13:55  Corruptor x3  
  178  14:17  Corruptor x8  
  137  14:20  Corruptor  
  99  15:09  Brood Lord x3  
  99  15:10  Brood Lord  
  103  15:21  Hydralisk  
  103  15:22  Hydralisk x3  
  103  15:26  Zergling x30  
  103  15:27  Zergling x4  
  128  15:46  Brood Lord  
Show
View Real Time Build Order
Export as new Build Order

Bryan Protoss 

Build Orders: Mass Adepts 

Get SALT Encoding   

  12  0:01  Probe  
  13  0:13  Probe  
  14  0:25  Pylon  
  14  0:27  Probe  
  15  0:40  Probe  
  15  0:46  Gateway  
  15  0:48  Probe  
  17  0:57  Probe  
  18  1:05  Assimilator  
  18  1:06  Assimilator  
  18  1:09  Probe  
  19  1:16  Pylon  
  19  1:21  Probe  
  20  1:33  Probe  
  20  1:38  Cybernetics Core  
  20  1:39  Gateway  
  21  1:45  Probe  
  22  1:56  Gateway  
  22  2:09  Pylon  
  22  2:21  Shield Battery  
  22  2:25  Shield Battery  
  22  2:27  Adept  
  22  2:28  Adept  
  26  2:35  Gateway  
  26  2:49  Adept  
  28  3:09  Twilight Council, Adept  
  28  3:10  Adept  
  32  3:15  Pylon  
  32  3:19  Adept  
  34  3:23  Sentry  
  36  3:37  Resonating Glaives  
  36  3:39  Warp Gate  
  36  3:42  Robotics Facility  
  36  3:53  Zealot  
  37  4:27  Adept x4  
  46  4:31  Observer  
  46  4:33  Probe  
  47  4:42  Pylon  
  47  5:16  Nexus  
  47  5:23  Pylon  
  47  5:28  Immortal  
  51  5:41  Probe  
  52  5:49  Shield Battery  
  52  5:53  Probe  
  53  6:06  Robotics Bay  
  53  6:21  Shield Battery  
  53  6:23  Probe, Pylon  
  54  6:28  Probe  
  55  6:35  Probe  
  56  6:59  Colossus  
  62  7:21  Probe x2  
  64  7:25  Assimilator  
  64  7:29  Assimilator  
  64  7:30  Nexus  
  64  7:33  Probe  
  64  7:34  Probe  
  66  7:39  Stalker  
  66  7:40  Colossus  
  68  7:45  Probe  
  68  7:46  Probe  
  76  8:02  Probe x2  
  78  8:14  Probe  
  79  8:30  Templar Archives, Pylon  
  79  8:38  Stalker x2  
  79  8:39  Stalker  
  85  8:44  Pylon  
  85  8:45  Colossus  
  91  8:53  Forge  
  91  9:00  Forge  
  91  9:02  Probe x2  
  93  9:08  Pylon  
  93  9:09  High Templar  
  95  9:14  Probe  
  95  9:15  Probe  
  97  9:21  Probe  
  97  9:22  High Templar  
  100  9:26  Archon, Probe  
  100  9:27  Probe  
  102  9:32  Observer  
  103  9:51  Observer  
  104  10:03  Extended Thermal Lance  
  104  10:14  Colossus  
  104  10:17  Zealot x4  
  118  10:47  Zealot x3  
  124  10:57  Pylon  
  124  10:59  Pylon  
  124  11:01  Pylon  
  124  11:04  Pylon  
  124  11:28  Zealot x2  
  124  11:29  Zealot x2  
  132  11:37  Gateway  
  130  11:50  Protoss Ground Armor Level 1  
  130  11:51  Protoss Ground Weapons Level 1  
  130  12:07  Pylon  
  130  12:09  High Templar x2  
  130  12:10  High Templar x2  
  138  12:29  Archon x2  
  133  13:06  Zealot x4  
  133  13:11  Gateway  
  133  13:12  Gateway  
  141  13:14  Gateway  
  141  13:15  Gateway  
  141  13:16  Gateway  
  141  13:19  Gateway  
  141  13:22  Nexus, Gateway  
  141  13:24  Gateway  
  141  13:28  Assimilator  
  141  13:31  Zealot, Assimilator  
  141  13:32  Zealot x3  
  143  13:50  Immortal  
  113  14:21  Stalker x3  
  113  14:22  Stalker  
  121  14:28  Colossus  
  109  15:06  Zealot  
  109  15:07  Zealot x7  
  79  15:08  Zealot x4  
  99  15:27  Stalker x2  
  99  15:28  Stalker x6  
  115  15:29  Stalker x3  
  73  15:52  High Templar x4  
  73  15:53  High Templar  
  73  15:54  Zealot x2  
  73  15:55  Zealot x2  
  73  15:56  Archon  
  73  15:57  Archon  
Show
View Real Time Build Order
Export as new Build Order

WhoDat Protoss 

Build Orders:  

Get SALT Encoding   

  12  0:01  Probe  
  13  0:13  Probe  
  14  0:26  Probe  
  15  0:33  Pylon  
  15  0:51  Probe  
  15  0:57  Forge  
  16  0:58  Gateway  
  16  1:03  Probe  
  17  1:10  Pylon  
  17  1:12  Assimilator  
  17  1:16  Probe  
  18  1:24  Assimilator  
  18  1:43  Probe  
  19  1:52  Photon Cannon  
  19  1:55  Probe  
  20  2:07  Probe, Cybernetics Core  
  21  2:12  Photon Cannon  
  21  2:19  Probe  
  22  2:39  Photon Cannon  
  22  2:41  Pylon  
  22  2:44  Photon Cannon  
  22  2:57  Probe  
  23  3:11  Photon Cannon, Probe  
  23  3:12  Shield Battery  
  24  3:25  Pylon  
  24  3:29  Pylon  
  24  3:51  Photon Cannon  
  24  3:52  Stargate  
  24  4:00  Probe  
  25  4:12  Probe  
  26  4:24  Probe  
  27  4:35  Phoenix  
  29  4:43  Nexus  
  29  4:46  Assimilator  
  29  4:50  Assimilator  
  29  4:53  Probe  
  29  4:57  Warp Gate  
  30  5:16  Probe  
  30  5:17  Fleet Beacon  
  31  5:26  Pylon  
  31  5:28  Probe  
  32  5:40  Probe  
  32  5:41  Phoenix  
  35  5:52  Probe  
  35  5:55  Stargate  
  36  5:58  Pylon  
  36  6:16  Phoenix  
  36  6:18  Anion Pulse-Crystals  
  36  6:45  Probe  
  33  6:48  Protoss Air Weapons Level 1  
  33  6:57  Probe  
  34  7:02  Probe  
  35  7:10  Probe  
  35  7:11  Probe  
  37  7:17  Pylon  
  37  7:20  Probe  
  37  7:21  Probe  
  37  7:22  Phoenix  
  40  7:24  Phoenix  
  43  7:30  Probe  
  43  7:32  Probe  
  45  7:39  Probe  
  46  7:47  Phoenix  
  46  7:48  Phoenix  
  50  7:51  Probe  
  51  8:04  Probe  
  52  8:16  Probe  
  53  8:42  Protoss Air Weapons Level 2  
  53  8:43  Mothership  
  53  8:44  Tempest x2  
  73  9:03  Probe  
  73  9:06  Protoss Shields Level 1  
  74  9:14  Twilight Council  
  72  10:02  Nexus  
  72  10:04  Pylon  
  72  10:06  Pylon  
  72  10:10  Assimilator  
  72  10:14  Tempest x2  
  72  10:15  Assimilator  
  84  10:24  Pylon  
  84  10:27  Stargate  
  84  10:31  Stargate  
  84  10:42  Shield Battery  
  84  10:43  Shield Battery  
  84  10:47  Photon Cannon, Shield Battery  
  84  10:52  Photon Cannon  
  84  10:53  Photon Cannon  
  84  10:55  Photon Cannon  
  84  10:57  Photon Cannon  
  84  10:58  Protoss Air Armor Level 1  
  84  11:05  Photon Cannon  
  84  11:07  Photon Cannon  
  84  11:11  Tempest x2  
  84  11:12  Tempest  
  102  11:20  Oracle  
  105  11:30  Probe  
  105  11:38  Probe  
  107  11:48  Probe  
  108  12:13  Probe  
  108  12:21  Probe  
  109  12:25  Tempest x2  
  109  12:26  Nexus  
  109  12:27  Graviton Catapult  
  122  12:30  Assimilator  
  122  12:31  Probe  
  122  12:33  Assimilator  
  123  12:42  Carrier  
  123  12:43  Probe  
  126  12:52  Pylon  
  126  12:53  Pylon  
  126  12:55  Probe  
  125  13:21  Probe  
  123  13:29  Probe  
  123  13:34  Tempest  
  124  13:36  Oracle  
  124  13:37  Carrier  
  124  13:39  Probe  
  139  13:45  Probe  
  140  13:53  Probe  
  78  14:42  Templar Archives  
  78  14:45  Gateway  
  78  14:46  Gateway  
  78  14:48  Gateway  
  86  16:02  High Templar  
Tags
 
Add a new tag
Caveats
  • Supply blocks, unpowered buildings, or Contaminate may cause inaccurate times.
  • Supply counts are checked every 10 seconds.